Map: Lerilak Crest

Players

DollarBill - Winner!

  • Race: Protoss Protoss
  • League: Gold

Grumm

  • Race: Protoss Protoss
  • League: Gold

VOD

Have the link to the VOD?

Description

Time

  • Played on: Jan. 23, 2016, 3:26 p.m.
  • Length: 20:36
Show
View Real Time Build Order
Export as new Build Order

DollarBill Protoss - Winner!

Build Orders: 1 Gate Expand 

Get SALT Encoding   

  12  0:02  Probe (Chrono Boost)  
  13  0:13  Probe (Chrono Boost)  
  14  0:22  Pylon  
  14  0:23  Probe (Chrono Boost)  
  15  0:40  Probe (Chrono Boost)  
  16  0:50  Assimilator, Gateway, Probe (Chrono Boost)  
  17  1:01  Probe (Chrono Boost)  
  18  1:11  Probe (Chrono Boost)  
  19  1:22  Probe (Chrono Boost)  
  21  1:32  Probe (Chrono Boost)  
  21  1:39  Nexus  
  21  1:52  Probe (Chrono Boost)  
  22  1:58  Cybernetics Core  
  22  2:00  Pylon  
  22  2:06  Assimilator  
  22  2:10  Probe (Chrono Boost)  
  23  2:30  Pylon  
  23  2:32  Probe (Chrono Boost)  
  24  2:44  Warp Gate  
  24  2:45  Stalker  
  24  2:48  Mothership Core (Chrono Boost)  
  28  2:59  Pylon  
  28  3:01  Probe (Chrono Boost)  
  29  3:06  Probe (Chrono Boost)  
  30  3:14  Probe (Chrono Boost)  
  30  3:17  Probe (Chrono Boost)  
  32  3:24  Probe (Chrono Boost)  
  33  3:27  Twilight Council  
  33  3:30  Robotics Facility  
  33  3:32  Pylon  
  33  3:39  Probe x2 (Chrono Boost)  
  35  3:43  Pylon  
  35  3:44  Pylon  
  35  3:52  Probe x2 (Chrono Boost)  
  38  4:02  Probe (Chrono Boost)  
  38  4:09  Gateway  
  38  4:11  Gateway  
  38  4:13  Gateway  
  38  4:16  Forge  
  38  4:20  Pylon  
  38  4:21  Observer  
  38  4:23  Blink (Chrono Boost)  
  39  4:27  Probe  
  39  4:29  Probe  
  41  4:33  Assimilator  
  41  4:41  Probe  
  41  4:43  Probe  
  43  4:50  Stalker  
  44  5:03  Protoss Ground Weapons Level 1  
  41  5:12  Stalker x3  
  42  5:38  Probe  
  42  5:39  Probe  
  43  5:48  Probe  
  43  5:51  Warp Prism, Probe  
  47  5:59  Stalker x2  
  47  6:00  Stalker  
  47  6:01  Probe  
  47  6:02  Zealot  
  47  6:03  Probe  
  57  6:13  Forge  
  57  6:15  Pylon  
  57  6:17  Pylon x2  
  57  6:18  Probe  
  57  6:19  Probe  
  57  6:25  Stalker  
  61  6:35  Immortal  
  63  6:50  Stalker x3  
  69  6:57  Probe  
  69  6:58  Probe  
  69  7:01  Assimilator  
  69  7:09  Probe, Protoss Ground Armor Level 1  
  69  7:11  Probe  
  71  7:20  Probe  
  72  7:23  Probe  
  72  7:28  Immortal  
  77  7:30  Probe  
  77  7:35  Probe  
  79  7:45  Stalker x4  
  85  8:07  Immortal  
  89  8:45  Pylon  
  89  8:46  Pylon  
  89  8:48  Pylon  
  87  8:51  Pylon  
  87  8:53  Warp Prism  
  83  9:02  Zealot x3  
  87  9:03  Zealot  
  87  9:09  Protoss Ground Armor Level 2 (Chrono Boost)  
  81  9:29  Stalker x4  
  83  9:49  Observer (Chrono Boost)  
  68  10:07  Stalker  
  68  10:08  Stalker x3  
  68  10:13  Protoss Ground Weapons Level 2 (Chrono Boost)  
  66  10:21  Probe x2  
  55  10:33  Probe x2  
  43  10:52  Probe  
  43  10:53  Probe  
  45  11:04  Probe  
  45  11:05  Probe  
  47  11:17  Probe x2  
  49  11:25  Nexus  
  45  11:29  Probe x2  
  47  11:50  Zealot x2  
  47  11:51  Zealot x2  
  53  11:59  Pylon, Probe  
  53  12:00  Probe  
  55  12:23  Zealot  
  55  12:24  Zealot  
  55  12:26  Sentry x2  
  61  12:47  Stalker  
  61  12:48  Stalker  
  49  13:02  Zealot  
  49  13:03  Zealot  
  46  13:11  Probe  
  46  13:12  Probe  
  24  13:46  Probe x2  
  21  13:58  Probe x2  
  23  14:10  Probe x2  
  25  14:23  Mothership Core  
  27  14:30  Probe  
  27  14:32  Probe  
  29  14:40  Probe  
  29  14:44  Probe x2  
  32  14:51  Probe  
  31  15:04  Immortal  
  30  15:08  Probe  
  30  15:09  Pylon  
  34  15:34  Pylon  
  34  15:45  Probe  
  34  15:47  Probe x2  
  37  15:56  Probe  
  37  15:59  Probe  
  39  16:09  Stalker  
  39  16:10  Stalker  
  43  16:13  Zealot  
  43  16:17  Zealot  
  47  16:22  Probe  
  47  16:24  Probe x2  
  50  16:32  Photon Cannon  
  50  16:37  Probe  
  50  16:39  Probe  
  52  16:48  Probe x2  
  49  16:57  Stalker, Zealot  
  52  17:11  Probe  
  52  17:13  Probe x2  
  55  17:19  Photon Cannon  
  55  17:24  Zealot  
  55  17:25  Adept  
  59  17:30  Zealot  
  59  17:32  Probe  
  62  17:37  Sentry  
  51  17:59  Probe  
  51  18:01  Probe x2  
  50  18:10  Probe  
  51  18:13  Probe x2  
  53  18:20  Probe  
  53  18:25  Probe  
  50  18:54  Stalker  
  50  18:55  Stalker  
  52  18:57  Zealot x2  
  56  19:14  Pylon  
  56  19:18  Probe  
  56  19:19  Probe x2  
  59  19:25  Assimilator  
  59  19:28  Probe  
  59  19:29  Stalker  
  59  19:30  Assimilator  
  62  19:31  Probe  
  62  19:33  Pylon, Stalker  
  55  19:57  Stalker x3  
  51  20:23  Zealot x2  
  51  20:24  Zealot  
Show
View Real Time Build Order
Export as new Build Order

Grumm Protoss 

Build Orders: 1 Gate Expand, Double Forge 

Get SALT Encoding   

  12  0:01  Probe (Chrono Boost)  
  13  0:11  Probe (Chrono Boost)  
  14  0:20  Pylon  
  14  0:23  Probe (Chrono Boost)  
  15  0:38  Gateway  
  15  0:43  Probe (Chrono Boost)  
  15  0:48  Assimilator  
  16  0:54  Probe (Chrono Boost)  
  17  1:04  Probe (Chrono Boost)  
  18  1:15  Probe (Chrono Boost)  
  19  1:25  Nexus  
  19  1:29  Probe (Chrono Boost)  
  20  1:40  Probe (Chrono Boost)  
  21  1:50  Probe (Chrono Boost)  
  22  1:55  Cybernetics Core  
  22  1:57  Gateway  
  22  2:09  Probe (Chrono Boost)  
  23  2:24  Assimilator  
  23  2:36  Assimilator  
  23  2:37  Probe (Chrono Boost)  
  23  2:40  Mothership Core (Chrono Boost), Pylon  
  26  2:45  Warp Gate (Chrono Boost)  
  26  2:47  Zealot  
  26  2:48  Probe (Chrono Boost)  
  31  2:52  Adept  
  32  2:58  Probe (Chrono Boost)  
  32  2:59  Probe (Chrono Boost)  
  33  3:09  Probe x2 (Chrono Boost)  
  33  3:10  Gateway  
  35  3:13  Pylon  
  35  3:21  Probe  
  35  3:22  Probe  
  35  3:23  Adept  
  39  3:28  Adept  
  39  3:33  Probe  
  41  3:34  Probe  
  41  3:41  Pylon  
  43  3:43  Probe  
  43  3:44  Pylon  
  44  3:55  Stalker  
  46  3:56  Stalker  
  46  4:00  Probe, Stalker  
  51  4:12  Probe  
  52  4:18  Stargate  
  52  4:21  Forge  
  52  4:24  Probe  
  52  4:25  Assimilator  
  52  4:26  Probe  
  52  4:30  Forge  
  54  4:35  Probe  
  55  4:38  Probe  
  56  4:45  Probe  
  53  5:27  Probe  
  51  5:29  Probe  
  51  5:33  Oracle  
  51  5:35  Protoss Ground Weapons Level 1  
  56  5:38  Probe, Photon Cannon  
  56  5:41  Probe, Protoss Ground Armor Level 1  
  58  5:47  Gateway, Photon Cannon  
  56  5:50  Probe, Stalker x3  
  56  5:51  Pylon  
  56  5:53  Probe  
  64  5:59  Pylon  
  64  6:01  Probe  
  65  6:05  Probe  
  65  6:11  Twilight Council  
  66  6:12  Probe  
  66  6:14  Pylon  
  66  6:17  Probe  
  68  6:19  Zealot  
  68  6:20  Zealot x2  
  74  6:25  Probe  
  74  6:29  Probe  
  76  6:36  Probe  
  76  6:37  Gateway  
  76  6:38  Gateway  
  77  6:40  Gateway  
  77  6:41  Probe  
  77  6:44  Pylon  
  77  6:46  Void Ray, Probe  
  82  6:47  Pylon  
  83  7:03  Probe  
  83  7:08  Adept x4  
  85  7:14  Probe x2  
  90  7:16  Charge (Chrono Boost)  
  90  7:22  Dark Shrine  
  91  7:35  Stalker  
  91  7:36  Stalker x2  
  91  7:37  Stalker  
  99  7:44  Gateway  
  99  7:47  Protoss Ground Weapons Level 2, Pylon  
  99  7:50  Pylon  
  99  7:52  Void Ray, Pylon  
  91  8:24  Probe  
  91  8:25  Probe  
  91  8:26  Stalker x4  
  91  8:27  Stalker x3  
  101  8:38  Photon Cannon  
  81  9:09  Dark Templar x2  
  81  9:10  Probe, Dark Templar  
  81  9:11  Probe  
  81  9:13  Dark Templar  
  81  9:23  Dark Templar  
  62  9:39  Zealot  
  62  9:40  Zealot  
  66  9:45  Photon Cannon  
  63  9:53  Zealot  
  63  9:54  Zealot x2  
  63  10:15  Zealot x5  
  53  10:39  Dark Templar x2  
  53  10:40  Dark Templar x3  
  55  10:44  Archon x2  
  48  11:13  Zealot x5  
  56  11:27  Void Ray  
  59  12:01  Zealot  
  59  12:02  Zealot x2  
  65  12:40  Zealot x2  
  59  13:13  Zealot  
  59  13:14  Zealot x2  
  40  13:58  Oracle (Chrono Boost)  
  43  14:12  Cybernetics Core  
  43  14:46  Nexus  
  37  15:14  Probe  
  38  15:19  Stalker  
  38  15:20  Zealot  
  42  15:41  Phoenix (Chrono Boost)  
  44  16:01  Assimilator  
  44  16:14  Void Ray (Chrono Boost)  
  48  16:30  Gateway  
  48  16:32  Pylon  
  48  17:12  Zealot x2  
  48  17:13  Probe  
  53  17:20  Void Ray (Chrono Boost)  
  57  17:33  Zealot  
  57  17:35  Sentry  
  55  18:13  Void Ray (Chrono Boost)  
  59  18:24  Zealot  
  59  18:25  Probe  
  59  18:59  Zealot x2  
  63  19:18  Gateway  
  63  19:29  Zealot x2  
  39  20:13  Nexus  
  39  20:28  Zealot x2  
Tags
 
Add a new tag
Caveats
  • Supply blocks, unpowered buildings, or Contaminate may cause inaccurate times.
  • Supply counts are checked every 10 seconds.